 Dungeon Sprint DCSS version 0.21.1-1-g345015f (webtiles) character file.

4538 Fang the Warrior (level 10, -6/105 (107) HPs)
             Began as a Minotaur Berserker on June 14, 2018.
             Was a High Priest of Trog.
             Shot with an arrow by a deep elf archer (19 damage)
             ... in the Dungeon (Sprint V: "Ziggurat Sprint").
             The game lasted 00:02:04 (666 turns).

Fang the Warrior (Minotaur Berserker)                Turns: 666, Time: 00:02:05

HP:   -6/105 (107)  AC:  4    Str: 31    XL:     10   Next: 17%
MP:   9/9           EV: 15    Int:  4    God:    Trog [*****.]
Gold: 0             SH:  0    Dex: 10    Spells: 9/9 levels left

rFire    . . .     SeeInvis .   l - +5 demon trident
rCold    . . .     Gourm    .   (no shield)
rNeg     . . .     Faith    .   b - +0 leather armour {rPois}
rPois    +         Spirit   .   (helmet restricted)
rElec    .         Reflect  .   (no cloak)
rCorr    .         Harm     .   (no gloves)
MR       .....     NoTele   +   (no boots)
Stlth    ++........             (no amulet)
HPRegen  0.27/turn              G - ring of flight
MPRegen  0.11/turn              F - +6 ring of strength

@: berserk cooldown, slowed, very slow
A: retaliatory headbutt, horns 2
a: Berserk, Trog's Hand, Brothers in Arms, Burn Spellbooks, Renounce Religion,
Evoke Flight


You were in the Dungeon.
You worshipped Trog.
Trog was extremely pleased with you.
You were not hungry.

You visited 1 branch

Inventory:

Hand Weapons
 a - a +0 hand axe of flaming
 k - a +5 executioner's axe
 l - a +5 demon trident (weapon)
Armour
 b - a +0 leather armour of poison resistance (worn)
Jewellery
 F - a +6 ring of strength (right hand)
 G - a ring of flight (left hand)
Wands
 x - a wand of disintegration (7)
 y - a wand of iceblast (7)
 z - a wand of acid (7)
Scrolls
 i - 4 scrolls of blinking
 m - 7 scrolls of fog
 n - a scroll of holy word
 o - 5 scrolls of identify
 p - 5 scrolls of remove curse
 q - 2 scrolls of fear
Potions
 d - 10 potions of curing
 e - 10 potions of heal wounds
 f - 6 potions of haste
 g - 7 potions of magic
 h - 3 potions of berserk rage
 r - 2 potions of brilliance
 s - 2 potions of invisibility
 t - 4 potions of resistance
 v - 5 potions of agility
 w - 5 potions of might
Miscellaneous
 j - a sack of spiders
Comestibles
 c - 6 rations


   Skills:
 + Level 15.7 Fighting
 + Level 14.8(15.9) Axes
 + Level 10.5(13.9) Polearms
 + Level 9.2 Armour
 + Level 8.3 Dodging
 + Level 3.0 Stealth


You had 9 spell levels left.
You didn't know any spells.

Dungeon Overview and Level Annotations

Branches:
Dungeon (1/1)

Altars:
Ashenzari
Cheibriados
Dithmenos
Elyvilon
Fedhas
Gozag
Hepliaklqana
Kikubaaqudgha
Makhleb
Nemelex Xobeh
Okawaru
Qazlal
Ru
Sif Muna
Trog
Uskayaw
Vehumet
Wu Jian
Xom
Yredelemnul
Zin
The Shining One
Beogh
Jiyva
Lugonu

Annotations:
D 1 transporter


Innate Abilities, Weirdness & Mutations

You reflexively headbutt those who attack you in melee.
You have a pair of horns on your head.


Message History

You kill the deep elf mage!
Trog accepts your kill.
Trog appreciates your killing of a magic user.
Your base Polearms skill increases to level 10!
Your Stealth skill increases to level 3!
The battlesphere dissipates.
The deep elf archer shoots an arrow.
The arrow barely misses you.
The deep elf archer shoots an arrow.
The arrow hits you!
* * * LOW HITPOINT WARNING * * *
Things that are here:
an arrow; a long sword; an elf corpse You feel a strong urge to attack something.
You are no longer berserk.
You are exhausted.
You feel as though you will be slow longer.
The deep elf archer blinks!
Things that are here:
a +2 falchion of holy wrath; a longbow; 25 arrows The deep elf archer shoots an arrow.
The arrow hits you!!
You die...

▓.....▓.....▓..©..▓
▓..©..▓..©..▓▓▓▓▓▓▓
▓▓▓▓▓▓▓▓▓▓▓▓▓▓▓▓▓▓▓
▓..8©8...▓..8©8..(▓
▓........▓..}:(...▓
▓........▓..).=...▓
▓........▓...(....▓
▓...)....▓..)(..e.▓
▓.▓....▓.▓.▓@)..▓.▓
▓...©....▓.§.©....▓
▓▓▓▓▓▓▓▓▓▓▓▓▓▓▓▓▓▓▓


You could see a deep elf archer.

Vanquished Creatures
  A purple draconian (D)
  A deep elf knight (D)
  A draconian (D)
  2 deep elf magi (D)
  A guardian mummy (D)
  A polar bear (D)
  An ice beast (D)
  An earth elemental (D)
  3 mummies (D)
  A white imp (D)
  2 adder skeletons (D)
  A jackal simulacrum (D)
  A quokka zombie (D)
17 creatures vanquished.

Notes
Turn   | Place    | Note
-------+----------+-------------------------------------------
     0 | D        | Found the +6 Majin-Bo {vamp, Archmagi MP+6 Int+6}
     0 | D        | Found the +7 great mace "Firestarter" {inner flame, rF++}
     0 | D        | Fang the Minotaur Berserker began the quest for the Orb.
     0 | D        | Reached XP level 1. HP: 19/19 MP: 0/0
     3 | D        | Found a blossoming altar of Fedhas.
     4 | D        | Found a viscous altar of Jiyva.
     4 | D        | Found a hazy altar of Hepliaklqana.
     4 | D        | Found a transporter.
     4 | D        | Found an opulent altar of Gozag.
     4 | D        | Found an ancient bone altar of Kikubaaqudgha.
     4 | D        | Found a corrupted altar of Lugonu.
    10 | D        | Found a burning altar of Makhleb.
    11 | D        | Found a stormy altar of Qazlal.
    11 | D        | Found a sacrificial altar of Ru.
    11 | D        | Found an iron altar of Okawaru.
    11 | D        | Found a deep blue altar of Sif Muna.
    11 | D        | Found a sparkling altar of Nemelex Xobeh.
    11 | D        | Found a bloodstained altar of Trog.
    75 | D        | Entered arena 2.
    75 | D        | Noticed a draconian
    75 | D        | Noticed a purple draconian
    75 | D        | Found a transporter.
    83 | D        | Killed a purple draconian
    83 | D        | Reached skill level 12 in Fighting
    83 | D        | Reached XP level 2. HP: 31/42 MP: 1/1
    83 | D        | Reached XP level 3. HP: 36/49 MP: 2/2
    83 | D        | Reached XP level 4. HP: 42/57 MP: 3/3
    83 | D        | Reached XP level 5. HP: 47/63 MP: 4/4
    83 | D        | Reached XP level 6. HP: 53/71 MP: 5/5
    83 | D        | Reached XP level 7. HP: 58/78 MP: 6/6
    89 | D        | Killed a draconian
    89 | D        | Reached skill level 13 in Fighting
    89 | D        | Reached XP level 8. HP: 65/86 MP: 7/7
   136 | D        | Reached skill level 14 in Fighting
   136 | D        | Reached XP level 9. HP: 65/95 MP: 8/8
   254 | D        | Entered arena 3.
   254 | D        | Found a transporter.
   257 | D        | Reached ** piety under Trog
   283 | D        | Entered arena 4.
   283 | D        | Noticed a polar bear
   283 | D        | Found a transporter.
   287 | D        | Killed a polar bear
   287 | D        | Reached skill level 5 in Polearms
   288 | D        | Reached *** piety under Trog
   296 | D        | Reached **** piety under Trog
   402 | D        | Entered arena 5.
   402 | D        | Noticed a guardian mummy
   402 | D        | Found a transporter.
   408 | D        | Killed a guardian mummy
   412 | D        | Reached ***** piety under Trog
   645 | D        | Entered arena 6.
   645 | D        | Noticed a deep elf mage
   645 | D        | Noticed a deep elf archer
   645 | D        | Noticed a deep elf mage
   645 | D        | Noticed a deep elf knight
   645 | D        | Found a transporter.
   651 | D        | Killed a deep elf mage
   651 | D        | Received a gift from Trog
   651 | D        | Reached skill level 15 in Fighting
   655 | D        | Killed a deep elf knight
   655 | D        | Reached XP level 10. HP: 62/104 MP: 9/9
   662 | D        | Killed a deep elf mage
   662 | D        | Reached skill level 10 in Polearms
   666 | D        | Shot with an arrow by a deep elf archer

Skill      XL: |  1  2  3  4  5  6  7  8  9 10 |
---------------+-------------------------------+-----
Fighting       | 12 13 14 15 | 15.7
Axes           | 12 13 14 | 14.8
Polearms       | 2 3 4 9 10 | 10.5
Armour         | 7 8 9 |  9.2
Dodging        | 6 7 8 |  8.3
Stealth        | 2 3 |  3.0

Action                   |  1- 3 |  4- 6 |  7- 9 | 10-12 || total
-------------------------+-------+-------+-------+-------++-------
Melee: Demon trident     |     7 |       |    31 |     5 ||    43
       Headbutt          |     2 |       |     3 |     2 ||     7
Invok: Berserk           |     1 |       |     3 |       ||     4
       Burn Spellbooks   |       |       |     2 |       ||     2
  Use: Potion            |       |       |     1 |       ||     1
  Eat: Ration            |       |       |     1 |       ||     1
Armor: Shadow dragon sca |     2 |       |     3 |       ||     5
Dodge: Dodged            |     2 |       |     7 |     5 ||    14
